 Dungeon Sprint DCSS version 0.27.1-1-g398f81649c (webtiles) character file.

Game seed: 6558959350118836052

1125 ugugthedestroyer the Basher (level 8, 0/49 HPs)
             Began as a Gargoyle Artificer on Sept 7, 2021.
             Was a High Priest of Yredelemnul.
             Slain by a two-headed ogre (9 damage)
             ... in the Dungeon (Sprint VII: "The Pits").
             The game lasted 00:09:20 (967 turns).

ugugthedestroyer the Basher (Gargoyle Artificer)     Turns: 967, Time: 00:09:21

Health: 0/49       AC: 26    Str: 19    XL:     8   Next: 35%
Magic:  9/9        EV:  9    Int: 11    God:    Yredelemnul [*****.]
Gold:   0          SH:  0    Dex: 10    Spells: 7/7 levels left

rFire    . . .     SeeInvis .   l - +2 mace (protect)
rCold    . . .     Faith    .   (no shield)
rNeg     + . .     Spirit   .   p - +3 chain mail
rPois    ∞         Reflect  .   (no helmet)
rElec    +         Harm     .   (no cloak)
rCorr    .         Rampage  .   (no gloves)
Will     .....     NoTele   +   (no boots)
Stlth    ..........             (no amulet)
HPRegen  0.16/turn              (no ring)
MPRegen  0.11/turn              (no ring)

@: under a protective aura
A: sickness immunity, AC +5, negative energy resistance 1, electricity
resistance, torment resistance 1, petrification resistance
a: Renounce Religion, Recall Undead Slaves, Injury Mirror, Animate Dead, Drain
Life, Enslave Soul


You were in the Dungeon.
You worshipped Yredelemnul.
Yredelemnul was extremely pleased with you.
You visited 1 branch

Inventory:

Hand Weapons
 a - a +0 club
 l - a +2 mace of protection (weapon)
Armour
 b - a +0 leather armour
 p - a +3 chain mail (worn)
Wands
 c - a wand of flame (15) (quivered)
 d - a wand of charming (15)
Scrolls
 k - a scroll of blinking
 n - 5 scrolls of amnesia
 o - a scroll of summoning
Potions
 f - 6 potions of curing
 g - 5 potions of heal wounds
 h - a potion of haste
 i - 4 potions of magic
 j - 3 potions of berserk rage
 m - 2 potions of invisibility
Miscellaneous
 e - a piece from Xom's chessboard (15/15)


   Skills:
 + Level 5.1 Fighting
 + Level 10.5 Maces & Flails
 + Level 8.7 Armour
 + Level 5.1 Dodging
 - Level 2.5 Stealth
 - Level 1.3 Invocations
 + Level 9.0 Evocations


You had 7 spell levels left.
You didn't know any spells.
Your spell library was empty.

Dungeon Overview and Level Annotations

Branches:
Dungeon (1/1)

Altars:
Ashenzari
Cheibriados
Dithmenos
Elyvilon
Fedhas
Gozag
Hepliaklqana
Kikubaaqudgha
Makhleb
Nemelex Xobeh
Okawaru
Qazlal
Ru
Sif Muna
Trog
Uskayaw
Vehumet
Wu Jian
Xom
Yredelemnul
Zin
The Shining One
Beogh
Jiyva
Lugonu


Innate Abilities, Weirdness & Mutations

You are immune to sickness and miasma.
Your stone body is resilient. (AC +5)
You are immune to poison.
You resist negative energy. (rN+)
You are resistant to electric shocks. (rElec)
You are resistant to unholy torment.
You are immune to petrification.


Message History

The two-headed ogre hits you with a +0 giant club!
The two-headed ogre hits you but does no damage.
The bullfrog hits you but does no damage.
Your flying skull hits the two-headed ogre but does no damage.
You hit the two-headed ogre but do no damage.
The two-headed ogre is heavily wounded.
The bullfrog hits you.
Your flying skull hits the two-headed ogre.
The two-headed ogre hits you but does no damage.
The two-headed ogre hits you with a +0 giant club.
You thump the two-headed ogre!
The two-headed ogre is severely wounded.
The bullfrog hits you.
Your flying skull hits the two-headed ogre.
You hit the two-headed ogre but do no damage.
The two-headed ogre is severely wounded.
The bullfrog hits you but does no damage.
Your flying skull hits the two-headed ogre.
The two-headed ogre hits your flying skull with a +0 giant club!!
Your flying skull is destroyed!
The bullfrog hits you but does no damage.
The two-headed ogre shouts in stereo!
Unknown command.
You sock the two-headed ogre!
The two-headed ogre is almost dead.
The bullfrog barely misses you.
The two-headed ogre hits you with a +0 giant club!
* * * LOW HITPOINT WARNING * * *
The two-headed ogre hits you but does no damage.
Unknown command.
You barely miss the two-headed ogre.
The two-headed ogre is almost dead.
The bullfrog closely misses you.
You hit the two-headed ogre but do no damage.
The two-headed ogre is almost dead.
The bullfrog hits you.
* * * LOW HITPOINT WARNING * * *
The two-headed ogre hits you with a +0 giant club!
You die...
Your body rises from the dead as a mindless zombie.

#.####'##'###...<...#
#.#........##.......#
#.#........##.......#
#'###########.......#
#.......#Z.##########
#.###...#Z######
#.#.....#Z#....#
#.#...#.#z#F...#
#.....#.#z@O...+
#...###.#z#....#
#.....Z.zz#....#
################


You could see a two-headed ogre (ally target), a bullfrog (ally target), 3
friendly flying skulls, 2 friendly wights, a friendly bat zombie, a friendly
warg zombie and a friendly black bear zombie.

Vanquished Creatures
  A dream sheep (D)
  2 wargs (D)
  A floating eye (D)
  A black bear (D)
  A crimson imp (D)
  A mummy (D)
  3 ufetubi (D)
  An orc (D)
  2 bats (D)
  An endoplasm (D)
  A goblin (D)
  2 hobgoblins (D)
  2 jackals (D)
19 creatures vanquished.

Vanquished Creatures (collateral kills)
  4 dream sheep (D)
  An orc warrior (D)
  A wolf (D)
  An endoplasm (D)
7 creatures vanquished.

Vanquished Creatures (others)
  2 flying skulls (D)
  A wight (D)
  A bat zombie (D)
4 creatures vanquished.

Grand Total: 30 creatures vanquished

Notes
Turn   | Place    | Note
-------+----------+-------------------------------------------
     0 | D        | ugugthedestroyer the Gargoyle Artificer began the quest for
                  | the Orb.
     0 | D        | Reached XP level 1. HP: 12/12 MP: 1/1
    45 | D        | Found a bloodstained altar of Trog.
    45 | D        | Found a shimmering blue altar of Sif Muna.
    45 | D        | Found a viscous altar of Jiyva.
    45 | D        | Found a hazy altar of Hepliaklqana.
    45 | D        | Found an opulent altar of Gozag.
    46 | D        | Found a glowing golden altar of the Shining One.
    46 | D        | Found a glowing silver altar of Zin.
    46 | D        | Found a basalt altar of Yredelemnul.
    46 | D        | Found a shimmering altar of Xom.
    46 | D        | Found an ornate altar of the Wu Jian Council.
    46 | D        | Found a sacrificial altar of Ru.
    46 | D        | Found a stormy altar of Qazlal.
    46 | D        | Found an iron altar of Okawaru.
    46 | D        | Found a sparkling altar of Nemelex Xobeh.
    46 | D        | Found a burning altar of Makhleb.
    46 | D        | Found a blossoming altar of Fedhas.
    46 | D        | Found a white marble altar of Elyvilon.
    46 | D        | Found a shadowy altar of Dithmenos.
    46 | D        | Found a snail-covered altar of Cheibriados.
    48 | D        | Found a radiant altar of Vehumet.
    48 | D        | Found a corrupted altar of Lugonu.
    50 | D        | Found an ancient bone altar of Kikubaaqudgha.
    50 | D        | Found a hide-covered altar of Uskayaw.
    50 | D        | Found a broken altar of Ashenzari.
    75 | D        | Became a worshipper of Yredelemnul the Dark
    95 | D        | Reached skill level 1 in Dodging
    95 | D        | Reached XP level 2. HP: 9/16 MP: 2/2
   236 | D        | Reached * piety under Yredelemnul
   409 | D        | Noticed a floating eye
   413 | D        | Killed a floating eye
   413 | D        | Reached ** piety under Yredelemnul
   414 | D        | Reached skill level 3 in Maces & Flails
   414 | D        | Reached XP level 3. HP: 20/20 MP: 3/3
   414 | D        | Reached XP level 4. HP: 25/25 MP: 4/4
   414 | D        | Reached XP level 5. HP: 29/29 MP: 5/5
   493 | D        | Noticed a warg
   495 | D        | Noticed a black bear
   511 | D        | Killed a warg
   511 | D        | Reached *** piety under Yredelemnul
   512 | D        | Reached skill level 4 in Maces & Flails
   512 | D        | Reached skill level 5 in Armour
   512 | D        | Reached skill level 1 in Invocations
   512 | D        | Reached XP level 6. HP: 27/35 MP: 5/7
   527 | D        | Received a gift from Yredelemnul (a wight)
   541 | D        | Killed a black bear
   542 | D        | Reached skill level 5 in Maces & Flails
   557 | D        | Reached skill level 6 in Maces & Flails
   559 | D        | Reached **** piety under Yredelemnul
   576 | D        | Noticed an orc warrior
   585 | D        | Killed an orc warrior
   694 | D        | Reached skill level 7 in Maces & Flails
   694 | D        | Reached XP level 7. HP: 34/41 MP: 8/8
   696 | D        | Noticed a warg
   700 | D        | Received a gift from Yredelemnul (a wight)
   715 | D        | Killed a warg
   716 | D        | Reached skill level 8 in Maces & Flails
   716 | D        | Reached ***** piety under Yredelemnul
   937 | D        | Noticed a dream sheep
   937 | D        | Noticed a dream sheep
   937 | D        | Noticed a dream sheep
   937 | D        | Noticed a dream sheep
   937 | D        | Noticed a two-headed ogre
   937 | D        | Noticed a dream sheep
   942 | D        | Killed a dream sheep
   944 | D        | Killed a dream sheep
   945 | D        | Reached skill level 9 in Maces & Flails
   946 | D        | Killed a dream sheep
   947 | D        | Received a gift from Yredelemnul (2 flying skulls)
   947 | D        | Reached XP level 8. HP: 48/48 MP: 9/9
   954 | D        | Killed a dream sheep
   955 | D        | Reached skill level 5 in Fighting
   955 | D        | Reached skill level 10 in Maces & Flails
   955 | D        | Reached skill level 5 in Dodging
   957 | D        | Killed a dream sheep
   958 | D        | Received a gift from Yredelemnul (3 flying skulls)
   958 | D        | Received a gift from Yredelemnul (a wight)
   967 | D        | Slain by a two-headed ogre

Illustrated notes

Levels and vault maps discovered:
D:        pitsprint [storerooms_1, entrance_room_1, metal_vault_4, armoury_3,
          mini_pit_1, grid_room_1, main_hall_1, silver_pit, the_coven_3,
          the_vestibule_1, steel_vault_5, golden_pit, hallway_of_sentries,
          crystal_vault_6, iron_vault_3, final_vault]

Skill      XL: |  1  2  3  4  5  6  7  8 |
---------------+-------------------------+-----
Evocations     | 4 7 8 9 |  9.0
Dodging        | 1 2 3 4 5 |  5.1
Maces & Flails | 3 4 7 9 10 | 10.5
Armour         | 4 5 6 8 |  8.7
Stealth        | 2 |  2.5
Fighting       | 2 3 4 5 |  5.1
Invocations    | 1 |  1.3

Action                   |  1- 3 |  4- 6 |  7- 9 || total
-------------------------+-------+-------+-------++-------
Melee: Mace              |    18 |    65 |    30 ||   113
       Club              |     2 |       |       ||     2
Invok: Animate Remains   |       |     2 |       ||     2
       Animate Dead      |       |     2 |       ||     2
  Use: Potion            |       |     1 |       ||     1
Armor: Leather armour    |    28 |     4 |       ||    32
       Chain mail        |       |    73 |    25 ||    98
Dodge: Dodged            |    33 |    42 |     9 ||    84
